 Dungeon Crawl Stone Soup version 0.21-a0-344-g2144152 (webtiles) character file.

2450 tidbits the Charmwright (level 9, -10/69 HPs)
             Began as a Gnoll Skald on Oct 4, 2017.
             Was a Follower of Cheibriados.
             Mangled by a two-headed ogre
             ... wielding a +0 giant club
              (34 damage)
             ... on level 8 of the Dungeon.
             The game lasted 00:18:48 (2853 turns).

tidbits the Charmwright (Gnoll Skald)               Turns: 2853, Time: 00:18:49

Health: -10/69     AC:  9    Str: 15    XL:     9   Next: 50%
Magic:  11/18      EV: 14    Int: 21    God:    Cheibriados [*.....]
Gold:   123        SH:  0    Dex: 17    Spells: 11/21 levels left

rFire    + . .     SeeInvis .   a - +0 hand axe (venom)
rCold    . . .     Gourm    .   (no shield)
rNeg     . . .     Faith    .   B - +3 ring mail of Ennui {rPois rCorr}
rPois    +         Spirit   .   (no helmet)
rElec    .         Reflect  .   (no cloak)
rCorr    +         Harm     +   (no gloves)
MR       .....                  (no boots)
Stlth    +.........             v - amulet of harm
HPRegen  0.21/turn              f - ring of loudness (curse)
MPRegen  0.16/turn              J - ring of protection from fire

@: very slow
A: distributed training, fangs 1, strong nose
a: Bend Time, Renounce Religion


You were on level 8 of the Dungeon.
You worshipped Cheibriados.
Cheibriados was aware of your devotion.
You were not hungry.

You visited 2 branches of the dungeon, and saw 9 of its levels.
You also visited: Ossuary.

You collected 326 gold pieces.
You spent 203 gold pieces at shops.

Inventory:

Hand Weapons
 a - a +0 hand axe of venom (weapon)
   (You found it on level 2 of the Dungeon)
 k - a +0 halberd
 z - a +0 flail
Missiles
 j - 57 arrows
 w - 2 needles of confusion
 I - 7 javelins (quivered)
Armour
 b - a +0 leather armour
 i - a +0 ring mail of magic resistance
   (You found it on level 5 of the Dungeon)
 B - the +3 ring mail of Ennui (worn) {rPois rCorr}
   (You found it on level 5 of the Dungeon)

   It protects you from poison.
   It protects you from acid and corrosion.
Jewellery
 f - a cursed ring of loudness (left hand)
   (You found it on level 1 of the Dungeon)
 v - an amulet of harm (around neck)
   (You found it on level 4 of the Dungeon)
 J - a ring of protection from fire (right hand)
   (You found it on level 6 of the Dungeon)
Wands
 u - a wand of iceblast (2/15)
 H - a wand of flame (24/48)
Scrolls
 h - 4 scrolls of enchant armour
 l - a scroll of enchant weapon {unknown}
 m - 3 scrolls of immolation
 n - 2 scrolls of fear {unknown}
 r - 5 scrolls of remove curse
 t - 2 scrolls of teleportation
 y - 3 scrolls of amnesia
 A - 2 scrolls of brand weapon {unknown}
 C - 2 scrolls of random uselessness {unknown}
 K - a scroll of vulnerability {unknown}
Potions
 e - 3 potions of lignification
 g - 4 potions of flight
 o - a potion of cancellation
 p - 5 potions of curing
 s - 3 potions of heal wounds
 x - 4 potions of ambrosia
 E - a potion of resistance
 F - a potion of agility {unknown}
Books
 c - a book of Battle

   Spells                             Type                      Level
   a - Infusion                       Charms                       1
   b - Shroud of Golubria             Charms/Translocation         2
   c - Song of Slaying                Charms                       2
   d - Spectral Weapon                Hexes/Charms                 3
   e - Regeneration                   Charms/Necromancy            3
Comestibles
 d - 6 bread rations
 q - a royal jelly
 D - 8 fruits


   Skills:
 + Level 6.3 Fighting
 + Level 4.2 Short Blades
 + Level 4.2 Long Blades
 + Level 6.3 Axes
 + Level 4.2 Maces & Flails
 + Level 4.2 Polearms
 + Level 4.2 Staves
 + Level 4.2 Slings
 + Level 4.2 Bows
 + Level 4.2 Crossbows
 + Level 4.2 Throwing
 + Level 5.0 Armour
 + Level 6.3 Dodging
 + Level 4.2 Stealth
 + Level 4.2 Shields
 + Level 4.2 Unarmed Combat
 + Level 6.6 Spellcasting
 + Level 4.2 Conjurations
 + Level 4.2 Hexes
 + Level 7.9 Charms
 + Level 4.2 Summonings
 + Level 4.2 Necromancy
 + Level 4.2 Translocations
 + Level 4.2 Transmutations
 + Level 4.2 Fire Magic
 + Level 4.2 Ice Magic
 + Level 4.2 Air Magic
 + Level 4.2 Earth Magic
 + Level 4.2 Poison Magic
 + Level 4.2 Invocations
 + Level 4.2 Evocations


You had 11 spell levels left.
You knew the following spells:

 Your Spells              Type           Power        Failure   Level  Hunger
g - Shroud of Golubria    Chrm/Tloc      ####......   1%          2    None
r - Regeneration          Chrm/Necr      ####......   4%          3    #......
w - Spectral Weapon       Hex/Chrm       ####....     4%          3    #......
y - Song of Slaying       Chrm           #####...     1%          2    None


Dungeon Overview and Level Annotations

Branches:
Dungeon (8/15)             Temple (1/1) D:5
   Lair: D:8-11

Altars:
Ashenzari
Cheibriados
Dithmenos
Elyvilon
Fedhas
Hepliaklqana
Kikubaaqudgha
Makhleb
Nemelex Xobeh
Okawaru
Qazlal
Ru
Trog
Uskayaw
Vehumet
Xom
Yredelemnul
Zin
The Shining One

Shops:
D:4 *   D:6 *   D:7 %

Annotations:
D:5 exclusion: electric eel


Innate Abilities, Weirdness & Mutations

Your experience applies equally to all skills.
You have very sharp teeth.
Your uncanny sense of smell can sniff out nearby items.


Message History

There is an open door here.
Found 8 gold pieces.
Found a scroll labeled IGYNGEU NUNNA.
Found a stone staircase leading down.
Found 29 arrows.
j - 57 arrows (gained 29)
You now have 113 gold pieces (gained 8).
There is a stone staircase leading down here.
C - 2 scrolls labeled IGYNGEU NUNNA (gained 1)
You are feeling hungry.
There is a stone staircase leading down here.
Eat a chunk of flesh? (ye/n/q)
You eat the chunk of flesh.
This raw flesh tastes terrible.
You climb downwards.
Found 4 fruits.
There is a stone staircase leading up here.
D - 8 fruits (gained 4)
Found 4 gold pieces.
Found 6 gold pieces.
Found 19 stones.
You now have 117 gold pieces (gained 4).
You now have 123 gold pieces (gained 6).
You open the door.
Found a scroll of remove curse.
Found a potion of curing.
r - 5 scrolls of remove curse (gained 1)
p - 5 potions of curing (gained 1)
You open the door.
Found 11 stones and a scale mail.
Found a stone staircase leading down.
A two-headed ogre and a crimson imp come into view.
The two-headed ogre shouts in stereo!
The crimson imp shouts!
Found 13 gold pieces and 17 bolts.
There is an open door here.
You hit the crimson imp but do no damage.
The crimson imp barely misses you.
Casting: Spectral Weapon
Confirm with . or Enter, or press ? or * to list all spells.
You draw out your weapon's spirit!
The two-headed ogre barely misses your spectral weapon.
The two-headed ogre misses your spectral weapon.
The crimson imp blinks!
You swap places.
The two-headed ogre hits you with a giant club!
The two-headed ogre hits you with a dire flail.
The two-headed ogre barely misses you.
The two-headed ogre hits you with a dire flail!
You hit the two-headed ogre.
The two-headed ogre is poisoned.
The two-headed ogre is lightly wounded.
Your spectral weapon hits the two-headed ogre.
You fail to use your ability.
The two-headed ogre hits you with a giant club!
* * * LOW HITPOINT WARNING * * *
The two-headed ogre hits you with a dire flail!
* * * LOW HITPOINT WARNING * * *
You hit the two-headed ogre.
The two-headed ogre looks as sick as possible!
The two-headed ogre is lightly wounded.
Your spectral weapon hits the two-headed ogre.
The two-headed ogre looks as sick as possible!
The two-headed ogre hits you with a giant club!
* * * LOW HITPOINT WARNING * * *
The two-headed ogre barely misses you.
Okay, then.
You feel much better.
The two-headed ogre completely misses you.
The two-headed ogre hits you with a dire flail.
* * * LOW HITPOINT WARNING * * *
Evoke which item? (* to show all) (? for menu, Esc to quit)
Okay, then.
The flow of time bends around you.
Cheibriados rebukes your spectral weapon.
Your spectral weapon seems to slow down.
The two-headed ogre resists with some effort.
You feel slightly more hungry. The two-headed ogre closely misses you.
The two-headed ogre hits you with a dire flail.
* * * LOW HITPOINT WARNING * * *
The flow of time bends around you.
Cheibriados rebukes your spectral weapon.
Your spectral weapon seems to slow down.
Cheibriados rebukes the two-headed ogre.
The two-headed ogre seems to slow down.
You feel slightly more hungry.
You hit the two-headed ogre but do no damage.
The two-headed ogre looks as sick as possible!
The two-headed ogre is heavily wounded.
Your spectral weapon hits the two-headed ogre but does no damage.
The two-headed ogre looks as sick as possible!
You hit the two-headed ogre.
The two-headed ogre looks as sick as possible!
You bite the two-headed ogre.
The two-headed ogre is severely wounded.
Your spectral weapon completely misses the two-headed ogre.
The two-headed ogre misses you.
The two-headed ogre completely misses you.
You hit the two-headed ogre.
The two-headed ogre looks as sick as possible!
Your bite misses the two-headed ogre.
The two-headed ogre is almost dead.
Your spectral weapon hits the two-headed ogre.
The two-headed ogre looks as sick as possible!
The two-headed ogre hits you with a giant club!!
You die...

.........[# .........(# ∆
(.........# .$........# ∆
..........# ### #'# #.#
#5# # #.# #O####.##
######.#########@(......
......................##
###......#######........
# #......# #.####### #
#......# #.# #
#......#######.# #
#........(..##.##########
#
#........................
#
#.......######.##...####


You could see a two-headed ogre, a crimson imp and a friendly spectral hand axe
of venom.

Vanquished Creatures
  The ghost of p0werm0de the Skirmisher, an amateur FoCK of Xom (Ossuary)
  Grinder (D:4)
  A hippogriff (D:7)
  A water moccasin (D:6)
  2 ogres
  2 phantoms
  A centaur (D:5)
  3 bullfrogs
  3 elf zombies (Ossuary)
  A scorpion (D:5)
  2 crimson imps
  5 centaur zombies (Ossuary)
  4 human zombies (Ossuary)
  A jelly (D:7)
  3 hounds
  2 orc wizards
  2 iguanas (D:6)
  2 worker ants
  A hound zombie (D:5)
  A howler monkey zombie (D:7)
  4 mummies
  A worker ant zombie (D:7)
  11 adders
  A gnoll (D:1)
  A shadow imp (D:5)
  2 oozes
  2 worms
  3 leopard geckos
  6 orcs (D:4)
  3 giant cockroaches
  3 goblins
  3 hobgoblins
  10 jackals
  7 kobolds
  3 quokkas
  3 ball pythons
  5 bats
  3 frilled lizards
  7 rats
117 creatures vanquished.

Notes
Turn   | Place    | Note
-------+----------+-------------------------------------------
     0 | D:1      | tidbits the Gnoll Skald began the quest for the Orb.
     0 | D:1      | Reached XP level 1. HP: 20/20 MP: 6/6
   155 | D:1      | Reached XP level 2. HP: 17/26 MP: 1/7
   159 | D:1      | Learned a level 2 spell: Song of Slaying
   162 | D:1      | Learned a level 2 spell: Shroud of Golubria
   304 | D:2      | Reached skill level 5 in Spellcasting
   304 | D:2      | Reached XP level 3. HP: 29/31 MP: 0/9
   309 | D:2      | Learned a level 3 spell: Regeneration
   313 | D:2      | Learned a level 3 spell: Spectral Weapon
   353 | D:2      | Found an ancient bone altar of Kikubaaqudgha.
   354 | D:2      | Found a blossoming altar of Fedhas.
   459 | D:2      | Reached skill level 1 in Short Blades
   459 | D:2      | Reached skill level 1 in Long Blades
   459 | D:2      | Reached skill level 1 in Maces & Flails
   459 | D:2      | Reached skill level 1 in Polearms
   459 | D:2      | Reached skill level 1 in Staves
   459 | D:2      | Reached skill level 1 in Slings
   459 | D:2      | Reached skill level 1 in Bows
   459 | D:2      | Reached skill level 1 in Crossbows
   459 | D:2      | Reached skill level 1 in Throwing
   459 | D:2      | Reached skill level 1 in Stealth
   459 | D:2      | Reached skill level 1 in Shields
   459 | D:2      | Reached skill level 1 in Unarmed Combat
   459 | D:2      | Reached skill level 1 in Conjurations
   459 | D:2      | Reached skill level 1 in Hexes
   459 | D:2      | Reached skill level 1 in Summonings
   459 | D:2      | Reached skill level 1 in Necromancy
   459 | D:2      | Reached skill level 1 in Translocations
   459 | D:2      | Reached skill level 1 in Transmutations
   459 | D:2      | Reached skill level 1 in Fire Magic
   459 | D:2      | Reached skill level 1 in Ice Magic
   459 | D:2      | Reached skill level 1 in Air Magic
   459 | D:2      | Reached skill level 1 in Earth Magic
   459 | D:2      | Reached skill level 1 in Poison Magic
   459 | D:2      | Reached skill level 1 in Invocations
   459 | D:2      | Reached skill level 1 in Evocations
   480 | D:2      | Reached XP level 4. HP: 38/38 MP: 2/11
   544 | D:2      | Found a faded altar of an unknown god.
   672 | D:3      | Found a sacrificial altar of Ru.
   775 | D:3      | Reached XP level 5. HP: 41/43 MP: 7/12
   795 | D:3      | Found a white marble altar of Elyvilon.
   801 | D:3      | Found a hide-covered altar of Uskayaw.
   927 | D:4      | Noticed a phantom
   949 | D:4      | Noticed Grinder
   962 | D:4      | Killed a phantom
   962 | D:4      | Reached skill level 3 in Armour
   962 | D:4      | Reached XP level 6. HP: 33/50 MP: 7/13
   971 | D:4      | Killed Grinder
   971 | D:4      | Reached skill level 5 in Fighting
   971 | D:4      | Reached skill level 2 in Short Blades
   971 | D:4      | Reached skill level 2 in Long Blades
   971 | D:4      | Reached skill level 5 in Axes
   971 | D:4      | Reached skill level 2 in Maces & Flails
   971 | D:4      | Reached skill level 2 in Polearms
   971 | D:4      | Reached skill level 2 in Staves
   971 | D:4      | Reached skill level 2 in Slings
   971 | D:4      | Reached skill level 2 in Bows
   971 | D:4      | Reached skill level 2 in Crossbows
   971 | D:4      | Reached skill level 2 in Throwing
   971 | D:4      | Reached skill level 5 in Dodging
   971 | D:4      | Reached skill level 2 in Stealth
   971 | D:4      | Reached skill level 2 in Shields
   971 | D:4      | Reached skill level 2 in Unarmed Combat
   971 | D:4      | Reached skill level 2 in Conjurations
   971 | D:4      | Reached skill level 2 in Hexes
   971 | D:4      | Reached skill level 2 in Summonings
   971 | D:4      | Reached skill level 2 in Necromancy
   971 | D:4      | Reached skill level 2 in Translocations
   971 | D:4      | Reached skill level 2 in Transmutations
   971 | D:4      | Reached skill level 2 in Fire Magic
   971 | D:4      | Reached skill level 2 in Ice Magic
   971 | D:4      | Reached skill level 2 in Air Magic
   971 | D:4      | Reached skill level 2 in Earth Magic
   971 | D:4      | Reached skill level 2 in Poison Magic
   971 | D:4      | Reached skill level 2 in Invocations
   971 | D:4      | Reached skill level 2 in Evocations
   971 | D:4      | Reached XP level 7. HP: 22/56 MP: 3/15
  1052 | D:4      | Found Pilaff's Assorted Antiques.
  1064 | D:4      | Bought a fizzy black potion for 24 gold pieces
  1064 | D:4      | Bought a scroll labeled ETUYDU NIMA for 27 gold pieces
  1064 | D:4      | Bought 2 fizzy black potions for 48 gold pieces
  1098 | D:4      | Found a shattered altar of Ashenzari.
  1203 | D:5      | Entered Level 5 of the Dungeon
  1216 | D:5      | Found a sand-covered staircase.
  1228 | Ossuary  | Entered an ossuary
  1228 | Ossuary  | Noticed p0werm0de's ghost (amateur FoCK)
  1258 | Ossuary  | Killed p0werm0de's ghost
  1258 | Ossuary  | Reached skill level 7 in Charms
  1339 | Ossuary  | Reached XP level 8. HP: 51/63 MP: 5/16
  1378 | Ossuary  | Reached skill level 3 in Short Blades
  1378 | Ossuary  | Reached skill level 3 in Long Blades
  1378 | Ossuary  | Reached skill level 3 in Maces & Flails
  1378 | Ossuary  | Reached skill level 3 in Polearms
  1378 | Ossuary  | Reached skill level 3 in Staves
  1378 | Ossuary  | Reached skill level 3 in Slings
  1378 | Ossuary  | Reached skill level 3 in Bows
  1378 | Ossuary  | Reached skill level 3 in Crossbows
  1378 | Ossuary  | Reached skill level 3 in Throwing
  1378 | Ossuary  | Reached skill level 4 in Armour
  1378 | Ossuary  | Reached skill level 3 in Stealth
  1378 | Ossuary  | Reached skill level 3 in Shields
  1378 | Ossuary  | Reached skill level 3 in Unarmed Combat
  1378 | Ossuary  | Reached skill level 3 in Conjurations
  1378 | Ossuary  | Reached skill level 3 in Hexes
  1378 | Ossuary  | Reached skill level 3 in Summonings
  1378 | Ossuary  | Reached skill level 3 in Necromancy
  1378 | Ossuary  | Reached skill level 3 in Translocations
  1378 | Ossuary  | Reached skill level 3 in Transmutations
  1378 | Ossuary  | Reached skill level 3 in Fire Magic
  1378 | Ossuary  | Reached skill level 3 in Ice Magic
  1378 | Ossuary  | Reached skill level 3 in Air Magic
  1378 | Ossuary  | Reached skill level 3 in Earth Magic
  1378 | Ossuary  | Reached skill level 3 in Poison Magic
  1378 | Ossuary  | Reached skill level 3 in Invocations
  1378 | Ossuary  | Reached skill level 3 in Evocations
  1435 | Ossuary  | Reached skill level 6 in Spellcasting
  1525 | D:5      | Found a staircase to the Ecumenical Temple.
  1534 | Temple   | Entered the Ecumenical Temple
  1589 | Temple   | Became a worshipper of Cheibriados the Contemplative
  1752 | D:5      | Got an encrusted ring mail
  1763 | D:5      | Identified the +3 ring mail of Ennui {rPois rCorr} (You found it on level 5 of the Dungeon)
  1945 | D:6      | Found a shadowy altar of Dithmenos.
  2028 | D:6      | Reached skill level 6 in Fighting
  2028 | D:6      | Reached skill level 6 in Axes
  2028 | D:6      | Reached skill level 6 in Dodging
  2028 | D:6      | Reached XP level 9. HP: 60/69 MP: 14/18
  2162 | D:6      | Found a shimmering altar of Xom.
  2286 | D:6      | Found Niara's General Store.
  2300 | D:6      | Bought 2 potions of curing for 78 gold pieces
  2300 | D:6      | Bought a scroll of identify for 26 gold pieces
  2386 | D:6      | Reached skill level 4 in Short Blades
  2386 | D:6      | Reached skill level 4 in Long Blades
  2386 | D:6      | Reached skill level 4 in Maces & Flails
  2386 | D:6      | Reached skill level 4 in Polearms
  2386 | D:6      | Reached skill level 4 in Staves
  2386 | D:6      | Reached skill level 4 in Slings
  2386 | D:6      | Reached skill level 4 in Bows
  2386 | D:6      | Reached skill level 4 in Crossbows
  2386 | D:6      | Reached skill level 4 in Throwing
  2386 | D:6      | Reached skill level 4 in Stealth
  2386 | D:6      | Reached skill level 4 in Shields
  2386 | D:6      | Reached skill level 4 in Unarmed Combat
  2386 | D:6      | Reached skill level 4 in Conjurations
  2386 | D:6      | Reached skill level 4 in Hexes
  2386 | D:6      | Reached skill level 4 in Summonings
  2386 | D:6      | Reached skill level 4 in Necromancy
  2386 | D:6      | Reached skill level 4 in Translocations
  2386 | D:6      | Reached skill level 4 in Transmutations
  2386 | D:6      | Reached skill level 4 in Fire Magic
  2386 | D:6      | Reached skill level 4 in Ice Magic
  2386 | D:6      | Reached skill level 4 in Air Magic
  2386 | D:6      | Reached skill level 4 in Earth Magic
  2386 | D:6      | Reached skill level 4 in Poison Magic
  2386 | D:6      | Reached skill level 4 in Invocations
  2386 | D:6      | Reached skill level 4 in Evocations
  2521 | D:7      | Reached * piety under Cheibriados
  2618 | D:7      | Reached skill level 5 in Armour
  2632 | D:7      | Found Ilokac's Food Emporium.
  2837 | D:8      | Noticed a two-headed ogre
  2853 | D:8      | Mangled by a two-headed ogre

Vault maps used:
D:1:      dpeg_arrival_tiny_a
D:2:      grunt_temple_overflow_growth_and_decay,
          chequers_ecumenical_altar_lobes, first_bread
D:3:      nicolae_ru_great_annihilating_truth, amethyst_overflow_temple_binary
D:4:      evilmike_ruin_ashenzari, serial_shops, shop, uniq_grinder
D:5:      cheibrodos_two_vegetables, minmay_temple_entry_trees,
          serial_corexii_hall, corexii_hall_statues_s, corexii_hall_statues_s,
          corexii_hall_statues_l, corexii_hall_statues_i, portal_sewer_entry_e,
          gup_ossuary_entry_pyramid
D:6:      xom_teletrap_fun, serial_shops, shop, nicolae_dithmenos_shadow_blocks
D:7:      serial_shops, kennysheep_mini_moat, uniq_menkaure
D:8:      lair_entry_dummy
Temple:   regret_index_temple_waves
Ossuary:  ossuary_minmay_four_chambers

Skill      XL: |  1  2  3  4  5  6  7  8  9 |
---------------+----------------------------+-----
Spellcasting   | 5 6 |  6.6
Short Blades   | 1 2 3 4 |  4.2
Long Blades    | 1 2 3 4 |  4.2
Maces & Flails | 1 2 3 4 |  4.2
Polearms       | 1 2 3 4 |  4.2
Staves         | 1 2 3 4 |  4.2
Slings         | 1 2 3 4 |  4.2
Bows           | 1 2 3 4 |  4.2
Crossbows      | 1 2 3 4 |  4.2
Throwing       | 1 2 3 4 |  4.2
Stealth        | 1 2 3 4 |  4.2
Shields        | 1 2 3 4 |  4.2
Unarmed Combat | 1 2 3 4 |  4.2
Conjurations   | 1 2 3 4 |  4.2
Hexes          | 1 2 3 4 |  4.2
Summonings     | 1 2 3 4 |  4.2
Necromancy     | 1 2 3 4 |  4.2
Translocations | 1 2 3 4 |  4.2
Transmutations | 1 2 3 4 |  4.2
Fire Magic     | 1 2 3 4 |  4.2
Ice Magic      | 1 2 3 4 |  4.2
Air Magic      | 1 2 3 4 |  4.2
Earth Magic    | 1 2 3 4 |  4.2
Poison Magic   | 1 2 3 4 |  4.2
Invocations    | 1 2 3 4 |  4.2
Evocations     | 1 2 3 4 |  4.2
Armour         | 3 4 5 |  5.0
Fighting       | 5 6 |  6.3
Axes           | 5 6 |  6.3
Dodging        | 5 6 |  6.3
Charms         | 7 |  7.9

Action                   |  1- 3 |  4- 6 |  7- 9 || total
-------------------------+-------+-------+-------++-------
Melee: Hand axe          |    58 |    68 |   206 ||   332
       Bite              |     2 |     5 |    20 ||    27
       Flail             |       |       |    28 ||    28
       Unarmed           |       |       |     7 ||     7
       Punch             |       |       |     3 ||     3
 Cast: Infusion          |     8 |     3 |     1 ||    12
       Shroud of Golubri |     1 |     1 |     2 ||     4
       Spectral Weapon   |       |     2 |    26 ||    28
       Regeneration      |       |       |    14 ||    14
Invok: Bend Time         |       |       |     3 ||     3
  Use: Scroll            |       |       |    14 ||    14
       Potion            |       |       |     3 ||     3
 Stab: Paralysed         |       |     1 |       ||     1
       Distracted        |       |       |     3 ||     3
  Eat: Chunk             |       |       |     4 ||     4
       Fruit             |       |       |     1 ||     1
       Meat ration       |       |       |     1 ||     1
Armor: Ring mail         |    17 |    18 |    73 ||   108
       Skin              |       |       |    12 ||    12
Dodge: Dodged            |    39 |    43 |   147 ||   229

Table legend:
 A = Spawn XP
 B = Non-spawn XP
 C = Spawn XP percentage of total XP
 D = Spawn monster count
 E = Non-spawn monster count
 F = Spawn count percentage of total count
 G = Total turns spent on level
                    A         B        C        D         E        F      G
               +---------+---------+-------+---------+---------+-------+---------
         Total |       0 |    3501 |   0.0 |       0 |     117 |   0.0 |  2853
               +---------+---------+-------+---------+---------+-------+---------
           D:1 |       0 |      32 |   0.0 |       0 |      13 |   0.0 |   298
           D:2 |       0 |      64 |   0.0 |       0 |      19 |   0.0 |   295
           D:3 |       0 |     110 |   0.0 |       0 |      19 |   0.0 |   334
           D:4 |       0 |     490 |   0.0 |       0 |      11 |   0.0 |   276
           D:5 |       0 |     507 |   0.0 |       0 |      14 |   0.0 |   338
           D:6 |       0 |     649 |   0.0 |       0 |      11 |   0.0 |   532
           D:7 |       0 |     620 |   0.0 |       0 |      14 |   0.0 |   321
       Ossuary |       0 |    1029 |   0.0 |       0 |      16 |   0.0 |   248
               +---------+---------+-------+---------+---------+-------+---------

Table legend:
 A = Turns spent in this place as a percentage of turns spent in the entire game.
 B = Non-inter-level travel turns spent in this place as a percentage of non-inter-level travel turns spent in the entire game.
 C = Inter-level travel turns spent in this place as a percentage of turns spent in this place.
 D = Turns resting spent in this place as a percentage of non-inter-level travel turns spent in this place.
 E = Turns spent auto-exploring this place as a percentage of non-inter-level travel turns spent in this place.
 F = Non-inter-level travel turns spent in this place divided by the number of levels of this place that you've seen.
                   A       B       C       D       E      F
               +-------+-------+-------+-------+-------+----------------------
         Total | 100.0 | 100.0 |   6.3 |   0.0 |   0.0 | 267.4
       Dungeon |  87.4 |  88.6 |   5.0 |   0.0 |   0.0 | 296.1
        Temple |   3.9 |   2.1 |  48.6 |   0.0 |   0.0 |  57.0
       Ossuary |   8.7 |   9.3 |   0.0 |   0.0 |   0.0 | 248.0
               +-------+-------+-------+-------+-------+----------------------

Table legend:
 A = Kills in this place as a percentage of kills in entire the game.
 B = Kills by you in this place as a percentage of kills by you in the entire game.
 C = Kills by friends in this place as a percentage of kills by friends in the entire game.
 D = Other kills in this place as a percentage of other kills in the entire game.
 E = Experience gained in this place as a percentage of experience gained in the entire game.
 F = Experience gained in this place divided by the number of levels of this place that you have seen.
                   A       B       C       D       E      F
               +-------+-------+-------+-------+-------+----------------------
         Total | 100.0 | 100.0 |   N/A |   N/A | 100.0 | 350.1
       Dungeon |  86.3 |  86.3 |   N/A |   N/A |  70.6 | 309.0
       Ossuary |  13.7 |  13.7 |   N/A |   N/A |  29.4 | 1029.0
               +-------+-------+-------+-------+-------+----------------------

Vault maps used:
D:1:      dpeg_arrival_tiny_a
D:2:      grunt_temple_overflow_growth_and_decay,
          chequers_ecumenical_altar_lobes, first_bread
D:3:      nicolae_ru_great_annihilating_truth, amethyst_overflow_temple_binary
D:4:      evilmike_ruin_ashenzari, serial_shops, shop, uniq_grinder
D:5:      cheibrodos_two_vegetables, minmay_temple_entry_trees,
          serial_corexii_hall, corexii_hall_statues_s, corexii_hall_statues_s,
          corexii_hall_statues_l, corexii_hall_statues_i, portal_sewer_entry_e,
          gup_ossuary_entry_pyramid
D:6:      xom_teletrap_fun, serial_shops, shop, nicolae_dithmenos_shadow_blocks
D:7:      serial_shops, kennysheep_mini_moat, uniq_menkaure
D:8:      lair_entry_dummy
Temple:   regret_index_temple_waves
Ossuary:  ossuary_minmay_four_chambers
